Map: Frozen Temple

Players

Belacqua - Winner!

  • Race: Zerg Zerg
  • League: Gold

capac

  • Race: Terran Terran
  • League: Gold

VOD

Have the link to the VOD?

Description

Time

  • Played on: April 25, 2016, 4:01 p.m.
  • Length: 16:22
Show
View Real Time Build Order
Export as new Build Order

Belacqua Zerg - Winner!

Build Orders: Pool First 

Get SALT Encoding   

  12  0:01  Drone  
  13  0:08  Drone  
  14  0:18  Extractor, Drone  
  15  0:31  Overlord  
  15  0:40  Extractor  
  14  0:44  Extractor, Drone  
  15  0:54  Spawning Pool  
  14  0:58  Drone  
  14  0:59  Drone x2  
  17  1:21  Hatchery  
  17  1:24  Drone  
  17  1:30  Drone  
  18  1:36  Overlord  
  18  1:48  Queen  
  20  1:58  Metabolic Boost  
  20  2:03  Drone x2  
  22  2:10  Drone  
  23  2:24  Queen  
  23  2:28  Zergling x2  
  26  2:35  Drone  
  26  2:36  Drone x2  
  29  2:40  Queen  
  31  2:51  Roach Warren  
  31  2:54  Drone  
  31  2:55  Drone  
  32  3:05  Drone  
  33  3:06  Drone x3  
  33  3:11  Overlord  
  36  3:25  Overlord  
  36  3:30  Overlord  
  36  3:32  Drone x4  
  36  3:33  Extractor  
  38  3:43  Roach  
  38  3:44  Roach x3  
  46  3:51  Drone  
  46  3:52  Drone x2  
  49  4:02  Roach x2  
  53  4:07  Extractor  
  52  4:11  Drone  
  52  4:12  Drone x2  
  52  4:13  Overlord  
  52  4:14  Overlord  
  55  4:20  Ravager  
  55  4:22  Lair  
  56  4:26  Ravager  
  56  4:28  Drone x2  
  56  4:30  Overlord  
  59  4:41  Drone x2  
  59  4:42  Drone x2  
  63  4:55  Overlord  
  63  5:01  Overlord  
  63  5:03  Hatchery  
  63  5:05  Ravager  
  63  5:06  Ravager x3  
  66  5:15  Overlord  
  66  5:22  Overlord, Drone x4  
  70  5:29  Extractor  
  70  5:31  Overseer  
  69  5:39  Spire  
  69  5:40  Evolution Chamber  
  69  5:41  Drone x3  
  69  5:42  Overlord  
  70  5:43  Evolution Chamber  
  69  6:01  Roach x7  
  83  6:11  Overlord  
  83  6:12  Overlord  
  83  6:14  Zerg Missile Weapons Level 1  
  83  6:29  Overlord, Drone x3  
  83  6:31  Overseer  
  83  6:32  Extractor  
  85  6:35  Zerg Ground Armor Level 1  
  85  6:36  Drone x4  
  85  6:37  Extractor  
  88  6:48  Drone x3  
  88  6:51  Drone  
  88  6:52  Drone x2  
  88  6:53  Queen, Overlord  
  88  6:54  Overlord x2  
  96  7:17  Overlord x3  
  96  7:23  Corruptor x2  
  96  7:24  Infestation Pit  
  96  7:28  Ravager x3  
  101  7:50  Hatchery  
  100  7:53  Zerg Flyer Weapons Level 1  
  100  8:04  Hive  
  100  8:06  Infestor  
  100  8:09  Drone x3  
  100  8:10  Drone x8  
  113  8:12  Overseer  
  113  8:24  Extractor  
  113  8:26  Extractor  
  111  8:31  Drone x3  
  111  8:32  Overlord, Drone x3  
  111  8:33  Overlord  
  117  8:50  Zerg Missile Weapons Level 2  
  117  8:53  Roach x8  
  117  8:54  Roach x4  
  141  9:05  Hatchery  
  141  9:07  Extractor  
  139  9:21  Infestor x3  
  145  9:32  Zergling x4  
  145  9:33  Zergling x12  
  153  9:38  Overlord x3  
  153  9:45  Ultralisk Cavern  
  152  10:00  Ravager x5  
  152  10:01  Ravager x2  
  152  10:02  Ravager  
  152  10:03  Drone  
  152  10:04  Drone x6  
  152  10:05  Drone  
  161  10:07  Overlord x3  
  160  10:20  Overlord  
  160  10:25  Overseer x2  
  160  10:26  Overseer  
  160  10:27  Overlord x2  
  160  10:28  Overlord  
  160  10:33  Drone x3  
  163  10:38  Roach x3  
  163  10:39  Roach x3  
  173  11:04  Ultralisk x4  
  197  11:06  Zerg Ground Armor Level 2  
  197  11:09  Ravager x2  
  197  11:10  Extractor  
  198  11:26  Overlord x3  
  198  11:27  Overlord x2  
  198  11:29  Zerg Missile Weapons Level 3  
  198  11:30  Adrenal Glands  
  198  11:33  Chitinous Plating  
  198  11:35  Evolution Chamber  
  197  11:56  Corruptor  
  106  12:37  Corruptor  
  106  12:38  Corruptor x3, Drone x2  
  106  12:40  Ultralisk x4  
  132  12:49  Corruptor  
  132  12:50  Corruptor  
  122  13:06  Ultralisk x2  
  122  13:08  Zergling x22  
  122  13:09  Zergling x2  
  146  13:14  Hatchery  
  146  13:15  Overlord x2  
  146  13:19  Corruptor  
  145  13:20  Corruptor x2  
  145  13:24  Corruptor  
  151  13:30  Extractor x2  
  120  13:50  Corruptor x3  
  120  13:51  Ultralisk  
  120  13:52  Zergling x4  
  120  13:53  Zergling x14  
  120  13:54  Zergling x2  
  136  14:10  Zergling x14  
  136  14:17  Ultralisk x2  
  136  14:18  Ultralisk  
  136  14:51  Ultralisk x4  
  155  15:01  Drone  
  155  15:02  Drone x4  
  155  15:03  Overlord x2, Drone  
  142  15:23  Ultralisk x3  
  160  15:37  Overlord x4  
  160  15:38  Hatchery  
  160  15:41  Queen  
  161  15:48  Overlord x4  
  161  15:50  Corruptor x2  
  161  15:56  Zergling x2  
  161  15:57  Zergling x6  
  166  15:58  Zergling x2  
Show
View Real Time Build Order
Export as new Build Order

capac Terran 

Build Orders: Reaper Expand, MMM Bio 

Get SALT Encoding   

  12  0:00  SCV  
  13  0:13  SCV  
  14  0:18  Supply Depot  
  14  0:25  SCV  
  15  0:39  SCV  
  15  0:41  Barracks  
  16  0:45  Refinery  
  16  0:54  SCV  
  17  1:06  SCV  
  18  1:19  SCV  
  19  1:29  Reaper  
  19  1:31  Orbital Command  
  20  1:43  Command Center  
  20  1:52  Supply Depot  
  20  1:58  SCV  
  21  2:01  Marine  
  22  2:10  Factory  
  22  2:14  Refinery  
  22  2:16  SCV  
  23  2:52  SCV  
  23  2:55  Barracks, Factory Tech Lab  
  23  2:56  Starport  
  23  2:57  Barracks  
  24  3:00  Orbital Command  
  24  3:04  Marine, SCV  
  26  3:21  SCV  
  26  3:24  Bunker  
  26  3:25  Barracks Reactor  
  27  3:29  Siege Tank  
  27  3:34  SCV  
  31  3:35  SCV  
  32  3:42  Medivac  
  34  3:50  Barracks Tech Lab  
  34  3:55  SCV x2  
  36  3:57  Refinery  
  36  3:58  Refinery  
  36  4:05  Supply Depot  
  36  4:07  SCV  
  36  4:08  SCV  
  38  4:14  Stimpack  
  38  4:17  Marine  
  38  4:18  Marine  
  38  4:21  Barracks Tech Lab  
  38  4:22  Marine  
  42  4:24  SCV x2  
  43  4:31  Starport Reactor  
  43  4:36  SCV x2  
  43  4:38  Marine x2  
  47  4:49  SCV x2  
  49  4:52  Engineering Bay  
  49  4:54  Combat Shields  
  49  4:55  Marine  
  49  4:56  Engineering Bay, Marine  
  51  5:01  SCV  
  52  5:11  Marine x2  
  54  5:22  Terran Infantry Weapons Level 1  
  54  5:28  Supply Depot  
  54  5:30  Terran Infantry Armor Level 1  
  54  5:33  Supply Depot  
  54  5:38  Siege Tank, SCV x2  
  54  5:39  Medivac  
  61  5:51  SCV  
  62  6:03  Marine  
  63  6:04  Marauder  
  63  6:05  Marauder  
  63  6:06  SCV x2  
  63  6:11  Siege Tank  
  72  6:15  Barracks  
  72  6:27  Marine x4  
  76  6:34  Command Center  
  76  6:36  Medivac  
  76  6:37  Barracks  
  78  6:43  Supply Depot  
  78  6:49  Supply Depot  
  78  7:04  Marine x4  
  78  7:05  Siege Tank  
  78  7:08  Barracks  
  85  7:09  Supply Depot  
  85  7:10  Medivac  
  85  7:13  Armory  
  87  7:16  Supply Depot  
  87  7:18  Medivac  
  87  7:22  Marine  
  89  7:24  SCV x2  
  92  7:32  Barracks Reactor  
  92  7:33  Barracks Reactor, Missile Turret  
  91  7:38  SCV x2  
  93  7:47  Supply Depot  
  93  7:51  Marine x2  
  93  7:53  Marauder x2  
  93  7:54  Starport  
  99  8:19  Missile Turret  
  99  8:21  Terran Infantry Weapons Level 2, Terran Infantry Armor Level 2  
  99  8:23  Terran Ship Weapons Level 1  
  99  8:25  Supply Depot  
  99  8:32  Starport Reactor  
  99  8:34  Siege Tank  
  99  8:35  Medivac x2  
  99  8:38  Barracks  
  99  8:39  Marine x3  
  99  8:40  Marine x3  
  112  8:42  Marauder x2  
  112  8:48  Supply Depot  
  116  8:49  Supply Depot  
  116  8:56  Liberator x2  
  122  9:22  Refinery  
  122  9:26  Supply Depot  
  122  9:30  Supply Depot  
  122  9:40  Refinery  
  122  10:08  Orbital Command  
  122  10:10  Liberator x4  
  122  10:23  Marine x4  
  122  10:24  Marine x2, Barracks Reactor  
  122  10:26  Marauder  
  122  10:27  Marauder  
  144  10:31  Supply Depot  
  144  10:56  Marine x5  
  132  10:57  Marauder  
  132  10:58  Marauder  
  136  11:06  Missile Turret  
  136  11:08  Marine x3  
  139  11:14  Marine x5  
  144  11:18  Marine  
  144  11:19  Marauder  
  147  11:26  Marine x3  
  147  11:31  Marine  
  147  11:32  Marine x2  
  153  11:35  Terran Infantry Weapons Level 3  
  153  11:37  Terran Infantry Armor Level 3, Marauder  
  155  11:40  Marauder  
  106  12:24  Marine x4  
  106  12:25  Marine x4  
  106  12:26  Marauder  
  99  12:45  Marine  
  99  12:46  Marine x6  
  99  12:47  Marauder  
  105  12:57  Marine x2  
  107  13:03  Marine x2  
  107  13:04  Marine  
  110  13:08  Marauder  
  110  13:11  Marine x4  
  116  13:15  Marine  
  116  13:16  Marauder  
  119  13:27  Liberator x4  
  119  13:30  Marauder, Marine x5  
  104  13:45  Marauder  
  104  13:46  Marine x3  
  104  13:48  Marine x2  
  103  13:51  Marauder  
  102  14:07  Marauder  
  86  14:13  Marauder, Marine x3  
  86  14:14  Marine x5  
  78  14:28  Marauder  
  78  14:31  Marine x4  
  75  14:32  Marine  
  59  14:48  Marine  
  59  14:49  Marine x4  
  67  15:59  Marine x5  
  67  16:00  Marine x3  
Tags
 
Add a new tag
Caveats
  • Supply blocks, unpowered buildings, or Contaminate may cause inaccurate times.
  • Supply counts are checked every 10 seconds.